 Dungeon Crawl Stone Soup version 0.29.0-4-gdea44cf6ec (webtiles) character file.

Game seed: 14838946235691338060

4683 qw the Cleaver (level 10, 0/60 HPs)
             Began as a Tengu Warper on Aug 28, 2022.
             Was a Priest of Okawaru.
             Killed from afar by Psyche (13 damage)
             ... with a puff of flame
             ... on level 9 of the Dungeon.
             The game lasted 00:01:01 (9363 turns).

qw the Cleaver (Tengu Warper)                       Turns: 9363, Time: 00:01:02

Health: 0/60       AC:  0    Str: 14    XL:     10   Next: 44%
Magic:  14/14      EV: 29    Int: 12    God:    Okawaru [***...]
Gold:   994        SH:  0    Dex: 24    Spells: 13/13 levels left

rFire   . . .      SeeInvis .   (weapon currently unavailable)
rCold   . . .      Faith    +   (shield currently unavailable)
rNeg    . . .      Spirit   .   (body armour currently unavailable)
rPois   .          Reflect  .   (helmet currently unavailable)
rElec   .          Harm     .   (cloak currently unavailable)
rCorr   .          Rampage  .   (gloves currently unavailable)
Will    .....                   (boots unavailable)
Stlth   ++........              a - amulet "Uhaiggoa" {Faith Slay+5}
HPRegen 1.00/turn               (ring currently unavailable)
MPRegen 0.14/turn               (ring currently unavailable)

@: bat-form, flying quickly and evasively, very quick
A: fast, flying, no casting, tiny, (beak), (talons 3), nimble flight, agile 1,
regeneration 1
a: Renounce Religion, Heroism


You were on level 9 of the Dungeon.
You worshipped Okawaru.
Okawaru was most pleased with you.
You were a bat.
You visited 2 branches of the dungeon, and saw 10 of its levels.
You also visited: Ossuary.

You collected 994 gold pieces.


Innate Abilities, Weirdness & Mutations

You are a bat.
You are tiny and dextrous.
You move quickly.
You are flying.
Your equipment is almost entirely melded.
You are incapable of wielding weapons or throwing items.
You cannot cast spells.
((You have a beak for a mouth.))
((You have claws for feet.))
Your magical nature lets you fly swiftly and evasively.
You are agile. (Dex +4, Str/Int -1)
Your natural rate of healing is unusually fast.


   Skills:
 - Level 6.1 Fighting
 + Level 12.1 Axes
 - Level 3.0 Throwing
 - Level 5.1 Armour
 - Level 5.2 Dodging
 - Level 2.0 Spellcasting
 - Level 2.4 Translocations
 - Level 4.0 Invocations


You had 13 spell levels left.
You didn't know any spells.
Your spell library contained the following spells:

 Spells                   Type           Power      Damage    Failure   Level
 Blink                    Tloc           12%        N/A       16%         2
 Gell's Gravitas          Tloc           6%         N/A       30%         3
 Lesser Beckoning         Tloc           6%         N/A       30%         3
 Teleport Other           Tloc           6%         N/A       30%         3
 Manifold Assault         Tloc           6%         N/A       96%         5

Inventory:

Hand Weapons
 f - a +0 morningstar
 Y - a +1 war axe (melded)
Missiles
 k - 3 javelins
 l - 13 boomerangs (quivered)
Armour
 c - a +0 chain mail (melded)
 h - a +2 pair of gloves (melded)
 n - a +1 cloak (melded)
Jewellery
 a - the amulet "Uhaiggoa" (around neck) {Faith Slay+5}
   (You acquired it on level 1 of the Dungeon)

   [amulet of faith]

   It allows you to gain divine favour quickly.
   Slay:      It affects your accuracy & damage with ranged weapons and melee
   (+5).
 o - a ring of protection from cold (melded)
 q - a ring of resist corrosion (melded)
Scrolls
 d - 9 scrolls of identify
 e - 2 scrolls of teleportation
Potions
 b - 2 potions of curing
 g - 2 potions of heal wounds
 i - 3 potions of mutation
 j - 2 potions of resistance
 m - 2 potions of might

Dungeon Overview and Level Annotations

Branches:
Dungeon (9/15)             Temple (1/1) D:6         Ossuary (visited)
   Lair: D:8-11         Orc: D:9-12

Altars:
Ashenzari
Cheibriados
Elyvilon
Fedhas
Hepliaklqana
Kikubaaqudgha
Makhleb
Nemelex Xobeh
Okawaru
Qazlal
Ru
Sif Muna
Trog
Uskayaw
Vehumet
Wu Jian
Xom
Yredelemnul
Zin
The Shining One

Shops:
D:5 *

Annotations:
D:4 1 runed translucent door, Crazy Yiuf
D:9 Psyche


Message History

An arc of chaos appears from out of thin air!
The arc of chaos hits you but does no damage.
You hear a shout!
You hit something. Your peck misses something. Something barely misses you.
You barely miss something.
An orc wizard comes into view. It is wielding a +0 dagger.
You hear some strange, mumbled words.
You turn into a bat.
Your +1 war axe melds into your body.
Your +1 cloak melds into your body.
Your +2 pair of gloves melds into your body.
Your +0 chain mail melds into your body.
Your ring of protection from cold melds into your body.
Your ring of resist corrosion melds into your body.
9346 ||| FLEEEEING.
9347 ||| FLEEEEING.
You hear some strange, mumbled words.
A swirling arc of seething chaos appears!
An arc of chaos appears from out of thin air!
The arc of chaos hits you.
You hear a shout!
Found a stone staircase leading down.
There is an open door here.
You feel like a meek peon again.
You see here a howler monkey corpse.
You swing at nothing.
You swing at nothing.
You swing at nothing.
You swing at nothing.
You swing at nothing.
Something hits you!
You swing at nothing.
You hear a zap.
A puff of flame appears from out of thin air!
The puff of flame hits you!
You hit something.
You hear a zap.
A puff of flame appears from out of thin air!
The puff of flame hits you!
You die...

#.....###########
#.....#.........#
#.....#.........# ....#
#.....#.........#......#
+.....#.........#......#
#.....#.........#......#
##+####.....#..######## .....#
..........####'####...###.....
..........#.{b................
..........#%..................
>.......).'..............)....
..........#..............)....
..........#....##.#.._..}.._..
###+#############.#..........#
..+........... ...#...........
...#.......#...


There were no monsters in sight!

Vanquished Creatures
  An orange crystal statue (D:9)
  Maurice (D:9)
  Prince Ribbit (D:9)
  Eustachio (D:4)
  A steam dragon (D:6)
  Edmund (D:4)
  2 water moccasins
  An ice beast (D:7)
  A sky beast (D:6)
  A black bear (D:8)
  A phantom (D:5)
  2 kobold brigands
  5 elf zombies (Ossuary)
  2 necrophages (D:7)
  A bullfrog (D:6)
  4 scorpions
  6 wights
  2 jellies (D:7)
  3 howler monkeys (D:9)
  3 lava snakes (D:9)
  3 hounds (D:6)
  6 centaur zombies (Ossuary)
  A human zombie (Ossuary)
  7 orc priests
  An iron imp (D:7)
  Jessica (D:2)
  2 iguanas
  Ijyb (D:3)
  9 orc wizards
  3 mummies (Ossuary)
  7 gnolls
  11 adders
  4 shadow imps
  An ufetubus (D:5)
  4 worms
  2 dart slugs
  30 orcs
  9 ball pythons
  7 endoplasms
  3 giant cockroaches
  12 goblins
  8 hobgoblins
  3 quokkas
  7 bats
  4 frilled lizards
  2 goblin skeletons (D:7)
  2 goblin zombies (D:7)
  A hobgoblin zombie (D:7)
  14 kobolds
  A kobold skeleton (D:7)
  3 kobold zombies (D:7)
  4 rats
213 creatures vanquished.

Notes
Turn   | Place    | Note
-------+----------+-------------------------------------------
     0 | D:1      | qw the Tengu Warper began the quest for the Orb.
     0 | D:1      | Reached XP level 1. HP: 12/12 MP: 4/4
     0 | D:1      | 0 ||| qw: Version: 0.1-a-89-g26bdef1
     0 | D:1      | 0 ||| qw: Game counter: 213
     0 | D:1      | 0 ||| qw: Always use a shield: true
     0 | D:1      | 0 ||| qw: God list: Okawaru
     0 | D:1      | 0 ||| qw: Allow faded altars: false
     0 | D:1      | 0 ||| qw: Do Orc after D:15 true
     0 | D:1      | 0 ||| qw: Do second Lair branch before Depths: true
     0 | D:1      | 0 ||| qw: Lair rune preference: random
     0 | D:1      | 0 ||| qw: Plans: Normal
     0 | D:1      | 0 ||| PLANNING D:1-11
   166 | D:1      | Reached skill level 3 in Axes
   166 | D:1      | Reached XP level 2. HP: 17/17 MP: 6/6
   446 | D:1      | Found a faded altar of an unknown god.
   764 | D:1      | 764 ||| UPGRADING to +0 pair of gloves.
   769 | D:1      | 769 ||| READING scroll labelled IREMMUIFOUW.
   769 | D:1      | Identified a scroll of acquirement
   769 | D:1      | 769 ||| ACQUIRING amulet "Uhaiggoa" {Faith Slay+5}
   769 | D:1      | Acquired the amulet "Uhaiggoa" {Faith Slay+5}
   771 | D:1      | 771 ||| UPGRADING to amulet "Uhaiggoa" {Faith Slay+5}.
   776 | D:1      | 776 ||| READING scroll labelled KIJ GIOJAW.
   777 | D:1      | 777 ||| READING scroll labelled IMEUBLAROGH.
   778 | D:1      | 778 ||| READING scroll labelled JOOC QAWILA.
   781 | D:1      | 781 ||| DROPPING scroll of blinking.
   799 | D:2      | Reached XP level 3. HP: 21/21 MP: 7/7
   840 | D:2      | Reached skill level 4 in Axes
   861 | D:2      | 861 ||| DROPPING +0 club.
   907 | D:2      | You fall into a shaft and drop 1 floor!
  1007 | D:3      | 1007 ||| READING scroll labelled ETOL JYOMN.
  1008 | D:3      | 1008 ||| DRINKING 2 viscous coppery potions.
  1030 | D:3      | 1030 ||| DRINKING 2 orange potions.
  1031 | D:3      | 1031 ||| DROPPING potion of lignification.
  1032 | D:3      | 1032 ||| DROPPING potion of flight.
  1385 | D:2      | Reached XP level 4. HP: 26/26 MP: 8/8
  1400 | D:2      | Noticed Jessica
  1401 | D:2      | 1401 ||| Stepping ~*~*~tactically~*~*~ (hiding).
  1407 | D:2      | Killed Jessica
  1408 | D:2      | Reached skill level 5 in Axes
  1851 | D:2      | 1851 ||| READING 2 scrolls labelled OJEUBL KYMA.
  1852 | D:2      | 1852 ||| READING 2 scrolls labelled HAT OMMUERISKY.
  1853 | D:2      | 1853 ||| DRINKING 2 amethyst potions.
  1954 | D:2      | 1954 ||| DROPPING potion of ambrosia.
  1955 | D:2      | 1955 ||| DROPPING scroll of immolation.
  2068 | D:3      | Gained mutation: Your magical nature lets you fly swiftly
                  | and evasively. [Tengu growth]
  2068 | D:3      | Reached XP level 5. HP: 29/30 MP: 9/9
  2148 | D:3      | Reached skill level 6 in Axes
  2149 | D:3      | 2149 ||| FLEEEEING.
  2150 | D:3      | 2150 ||| FLEEEEING.
  2151 | D:3      | 2151 ||| FLEEEEING.
  2152 | D:3      | 2152 ||| FLEEEEING.
  2153 | D:3      | 2153 ||| FLEEEEING.
  2154 | D:3      | 2154 ||| STAIRDANCE
  2303 | D:2      | 2303 ||| DRINKING 2 bubbling golden potions.
  2304 | D:2      | 2304 ||| DROPPING potion of brilliance.
  2329 | D:3      | 2329 ||| DROPPING +0 whip.
  2441 | D:3      | 2441 ||| Stepping ~*~*~tactically~*~*~ (stealth).
  2442 | D:3      | 2442 ||| Stepping ~*~*~tactically~*~*~ (stealth).
  2454 | D:3      | Noticed Ijyb
  2455 | D:3      | 2455 ||| Stepping ~*~*~tactically~*~*~ (hiding).
  2563 | D:3      | HP: 5/30 [constriction (5)]
  2564 | D:3      | 2564 ||| READING 2 scrolls of teleportation.
  2565 | D:3      | Killed Ijyb
  2899 | D:3      | Found a basalt altar of Yredelemnul.
  2987 | D:3      | 2987 ||| READING scroll of enchant armour.
  2987 | D:3      | 2987 ||| ENCHANTING +0 pair of gloves.
  3093 | D:3      | 3093 ||| UPGRADING to +0 scale mail.
  3103 | D:3      | 3103 ||| DROPPING +0 leather armour.
  3144 | D:4      | 3144 ||| SWAPPING to +0 war axe.
  3145 | D:4      | 3145 ||| DROPPING +0 hand axe.
  3180 | D:4      | 3180 ||| Stepping ~*~*~tactically~*~*~ (stealth).
  3182 | D:4      | 3182 ||| FLEEEEING.
  3183 | D:4      | 3183 ||| FLEEEEING.
  3185 | D:4      | 3185 ||| FLEEEEING.
  3190 | D:4      | 3190 ||| FLEEEEING.
  3191 | D:4      | 3191 ||| FLEEEEING.
  3193 | D:4      | 3193 ||| STAIRDANCE
  3298 | D:4      | 3298 ||| STAIRDANCE
  3306 | D:4      | HP: 5/30 [orc priest/divine providence (9)]
  3307 | D:4      | 3307 ||| READING scroll of teleportation.
  3309 | D:4      | Reached XP level 6. HP: 6/35 MP: 10/10
  3309 | D:4      | 3309 ||| STAIRDANCE
  3567 | D:4      | Found a sacrificial altar of Ru.
  3631 | D:4      | Reached skill level 7 in Axes
  3711 | D:4      | 3711 ||| READING scroll of acquirement.
  3711 | D:4      | 3711 ||| ACQUIRING 429 gold pieces
  3711 | D:4      | Acquired 429 gold pieces
  3855 | D:4      | Noticed Eustachio
  3871 | D:4      | Killed Eustachio
  3872 | D:4      | Reached skill level 3 in Fighting
  4010 | D:4      | 4010 ||| Stepping ~*~*~tactically~*~*~ (stealth).
  4170 | D:4      | Reached XP level 7. HP: 42/42 MP: 11/11
  4339 | D:4      | 4339 ||| FLEEEEING.
  4340 | D:4      | 4340 ||| Stepping ~*~*~tactically~*~*~ (hiding).
  4341 | D:4      | 4341 ||| Stepping ~*~*~tactically~*~*~ (hiding).
  4465 | D:4      | Reached skill level 8 in Axes
  4505 | D:4      | Noticed Edmund
  4510 | D:4      | Killed Edmund
  4514 | D:4      | 4514 ||| DROPPING +0 flail.
  4876 | D:4      | Found a runed translucent door.
  4877 | D:4      | Noticed Crazy Yiuf
  5070 | D:4      | 5070 ||| DROPPING amulet of the acrobat.
  5071 | D:4      | 5071 ||| READING scroll labelled LOF DOTOODEOCOER.
  5072 | D:4      | 5072 ||| DRINKING 2 sedimented black potions.
  5073 | D:4      | 5073 ||| READING 2 scrolls of identify.
  5073 | D:4      | 5073 ||| IDENTIFYING bubbling inky potion
  5097 | D:5      | Entered Level 5 of the Dungeon
  5098 | D:5      | 5098 ||| Stepping ~*~*~tactically~*~*~ (hiding).
  5103 | D:5      | Reached XP level 8. HP: 48/48 MP: 12/12
  5104 | D:5      | 5104 ||| STAIRDANCE
  5171 | D:5      | 5171 ||| STAIRDANCE
  5220 | D:5      | 5220 ||| STAIRDANCE
  5350 | D:5      | 5350 ||| FLEEEEING.
  5351 | D:5      | 5351 ||| STAIRDANCE
  5457 | D:5      | Found Vungij's CLEARANCE SALE!.
  5489 | D:5      | Found a hide-covered altar of Uskayaw.
  5697 | D:5      | Reached skill level 9 in Axes
  5921 | D:5      | Reached skill level 3 in Dodging
  6152 | D:5      | 6152 ||| READING scroll of enchant armour.
  6152 | D:5      | 6152 ||| ENCHANTING +1 pair of gloves.
  6161 | D:5      | 6161 ||| UPGRADING to +0 chain mail.
  6171 | D:5      | 6171 ||| DROPPING +0 scale mail.
  6172 | D:5      | 6172 ||| READING 6 scrolls of identify.
  6172 | D:5      | 6172 ||| IDENTIFYING golden potion
  6173 | D:5      | 6173 ||| READING 5 scrolls of identify.
  6173 | D:5      | 6173 ||| IDENTIFYING inky potion
  6174 | D:5      | 6174 ||| READING 4 scrolls of identify.
  6174 | D:5      | 6174 ||| IDENTIFYING blue potion
  6175 | D:5      | 6175 ||| DROPPING potion of invisibility.
  6176 | D:5      | 6176 ||| DROPPING potion of berserk rage.
  6478 | D:6      | Found a staircase to the Ecumenical Temple.
  6479 | D:6      | 6479 ||| PLANNING TEMPLE
  6496 | Temple   | Entered the Ecumenical Temple
  6549 | Temple   | Became a worshipper of Warmaster Okawaru
  6555 | Temple   | 6555 ||| PLANNING D:1-11
  6741 | D:6      | 6741 ||| Stepping ~*~*~tactically~*~*~ (stealth).
  6742 | D:6      | 6742 ||| Stepping ~*~*~tactically~*~*~ (stealth).
  6805 | D:6      | 6805 ||| Stepping ~*~*~tactically~*~*~ (hiding).
  6806 | D:6      | 6806 ||| Stepping ~*~*~tactically~*~*~ (hiding).
  6815 | D:6      | 6815 ||| FLEEEEING.
  6816 | D:6      | 6816 ||| FLEEEEING.
  6817 | D:6      | 6817 ||| FLEEEEING.
  6818 | D:6      | 6818 ||| FLEEEEING.
  6819 | D:6      | 6819 ||| FLEEEEING.
  6820 | D:6      | 6820 ||| FLEEEEING.
  6821 | D:6      | 6821 ||| FLEEEEING.
  6822 | D:6      | 6822 ||| FLEEEEING.
  6823 | D:6      | 6823 ||| FLEEEEING.
  6824 | D:6      | 6824 ||| FLEEEEING.
  6825 | D:6      | 6825 ||| FLEEEEING.
  6826 | D:6      | 6826 ||| FLEEEEING.
  6827 | D:6      | 6827 ||| FLEEEEING.
  6828 | D:6      | 6828 ||| FLEEEEING.
  6829 | D:6      | 6829 ||| FLEEEEING.
  6830 | D:6      | 6830 ||| FLEEEEING.
  6857 | D:6      | 6857 ||| DROPPING +4 flail of holy wrath.
  6878 | D:6      | Reached skill level 10 in Axes
  6880 | D:6      | Reached * piety under Okawaru
  6881 | D:6      | Reached XP level 9. HP: 44/54 MP: 13/13
  6961 | D:6      | Found a sparkling altar of Nemelex Xobeh.
  7011 | D:6      | Found a shimmering altar of Xom.
  7012 | D:6      | 7012 ||| Stepping ~*~*~tactically~*~*~ (stealth).
  7018 | D:6      | 7018 ||| Stepping ~*~*~tactically~*~*~ (stealth).
  7020 | D:6      | 7020 ||| Stepping ~*~*~tactically~*~*~ (stealth).
  7050 | D:6      | Found a sparkling altar of Nemelex Xobeh.
  7050 | D:6      | Found an ornate altar of the Wu Jian Council.
  7052 | D:6      | Found a bloodstained altar of Trog.
  7052 | D:6      | Found a radiant altar of Vehumet.
  7052 | D:6      | Found a sacrificial altar of Ru.
  7214 | D:7      | 7214 ||| Stepping ~*~*~tactically~*~*~ (stealth).
  7214 | D:7      | Found a glowing golden altar of the Shining One.
  7215 | D:7      | 7215 ||| Stepping ~*~*~tactically~*~*~ (stealth).
  7219 | D:7      | 7219 ||| Stepping ~*~*~tactically~*~*~ (stealth).
  7225 | D:7      | Reached skill level 1 in Invocations
  7348 | D:7      | 7348 ||| Stepping ~*~*~tactically~*~*~ (hiding).
  7349 | D:7      | 7349 ||| Stepping ~*~*~tactically~*~*~ (hiding).
  7355 | D:7      | 7355 ||| Stepping ~*~*~tactically~*~*~ (hiding).
  7356 | D:7      | 7356 ||| Stepping ~*~*~tactically~*~*~ (hiding).
  7546 | D:7      | Found a flagged portal.
  7548 | D:7      | 7548 ||| Stepping ~*~*~tactically~*~*~ (hiding).
  7586 | D:7      | 7586 ||| INVOKING Heroism.
  7782 | D:7      | Reached ** piety under Okawaru
  7836 | D:7      | 7836 ||| Stepping ~*~*~tactically~*~*~ (stealth).
  7838 | D:7      | 7838 ||| INVOKING Heroism.
  7843 | D:7      | Reached skill level 3 in Invocations
  7959 | D:7      | 7959 ||| INVOKING Heroism.
  8077 | D:7      | 8077 ||| UPGRADING to +0 cloak.
  8082 | D:7      | 8082 ||| READING scroll of enchant armour.
  8082 | D:7      | 8082 ||| ENCHANTING +0 cloak.
  8083 | D:7      | 8083 ||| DROPPING amulet of regeneration.
  8084 | D:7      | 8084 ||| UPGRADING to ring of protection from cold.
  8085 | D:7      | 8085 ||| UPGRADING to ring of resist corrosion.
  8086 | D:7      | 8086 ||| READING scroll labelled NAOMNU HUNE.
  8087 | D:7      | 8087 ||| READING scroll labelled JATORR LEUSSY.
  8088 | D:7      | 8088 ||| DRINKING 2 glowing sapphire potions.
  8088 | D:7      | Gained mutation: You are agile. (Dex +4, Str/Int -1)
                  | [potion of mutation]
  8088 | D:7      | Gained mutation: Your natural rate of healing is unusually
                  | fast. [potion of mutation]
  8117 | D:8      | 8117 ||| PLANNING OSSUARY
  8117 | D:8      | 8117 ||| STAIRDANCE
  8126 | D:8      | 8126 ||| STAIRDANCE
  8132 | D:8      | 8132 ||| STAIRDANCE
  8145 | D:8      | 8145 ||| Stepping ~*~*~tactically~*~*~ (hiding).
  8146 | D:8      | 8146 ||| Stepping ~*~*~tactically~*~*~ (hiding).
  8147 | D:8      | 8147 ||| Stepping ~*~*~tactically~*~*~ (hiding).
  8148 | D:8      | 8148 ||| Stepping ~*~*~tactically~*~*~ (hiding).
  8149 | D:8      | 8149 ||| INVOKING Heroism.
  8152 | D:8      | Reached skill level 11 in Axes
  8220 | D:8      | Found a sand-covered staircase.
  8228 | Ossuary  | Entered an ossuary
  8236 | Ossuary  | 8236 ||| INVOKING Heroism.
  8282 | Ossuary  | 8282 ||| INVOKING Heroism.
  8359 | Ossuary  | 8359 ||| INVOKING Heroism.
  8387 | Ossuary  | 8387 ||| READING scroll labelled IBLIWK YTSYFUA.
  8388 | Ossuary  | 8388 ||| READING 8 scrolls of identify.
  8388 | Ossuary  | 8388 ||| IDENTIFYING sapphire potion
  8389 | Ossuary  | 8389 ||| READING 3 scrolls of teleportation.
  8404 | D:8      | 8404 ||| PLANNING D:1-11
  8429 | D:8      | 8429 ||| Stepping ~*~*~tactically~*~*~ (hiding).
  8555 | D:8      | 8555 ||| Stepping ~*~*~tactically~*~*~ (hiding).
  8558 | D:8      | 8558 ||| Stepping ~*~*~tactically~*~*~ (hiding).
  8563 | D:8      | Reached XP level 10. HP: 58/59 MP: 14/14
  8568 | D:8      | 8568 ||| DRINKING 3 potions of curing.
  8568 | D:8      | 8568 ||| (to cure confusion)
  8956 | D:8      | 8956 ||| INVOKING Heroism.
  8989 | D:9      | Found an ancient bone altar of Kikubaaqudgha.
  9042 | D:9      | Noticed Prince Ribbit
  9052 | D:9      | 9052 ||| INVOKING Heroism.
  9053 | D:9      | Killed Prince Ribbit
  9054 | D:9      | Reached skill level 12 in Axes
  9083 | D:9      | 9083 ||| INVOKING Heroism.
  9100 | D:9      | Noticed an orange crystal statue
  9116 | D:9      | 9116 ||| DRINKING 3 potions of curing.
  9116 | D:9      | 9116 ||| (to cure confusion)
  9120 | D:9      | 9120 ||| INVOKING Heroism.
  9134 | D:9      | Killed an orange crystal statue
  9134 | D:9      | Reached *** piety under Okawaru
  9230 | D:9      | Found a stormy altar of Qazlal.
  9238 | D:9      | Found a radiant altar of Vehumet.
  9241 | D:9      | 9241 ||| INVOKING Heroism.
  9303 | D:9      | Noticed Maurice
  9304 | D:9      | 9304 ||| Stepping ~*~*~tactically~*~*~ (hiding).
  9306 | D:9      | 9306 ||| Stepping ~*~*~tactically~*~*~ (hiding).
  9310 | D:9      | Reached skill level 3 in Throwing
  9312 | D:9      | 9312 ||| DRINKING 3 potions of curing.
  9312 | D:9      | 9312 ||| (to cure confusion)
  9325 | D:9      | Killed Maurice
  9326 | D:9      | Reached skill level 6 in Fighting
  9332 | D:9      | Noticed Psyche
  9333 | D:9      | 9333 ||| Stepping ~*~*~tactically~*~*~ (hiding).
  9334 | D:9      | 9334 ||| INVOKING Heroism.
  9346 | D:9      | 9346 ||| FLEEEEING.
  9347 | D:9      | 9347 ||| FLEEEEING.
  9362 | D:9      | HP: 12/60 [something/puff of flame (8)]
  9363 | D:9      | Killed from afar by Psyche

Levels and vault maps discovered:
D:1:      dpeg_arrival_rooms_b, layout_loops_ring,
          hellmonk_ecumenical_altar_leap_of_faith
D:2:      layout_basic, serial_rivers, chequers_serial_rivers_room_b,
          chequers_serial_rivers_small_3, chequers_serial_rivers_small_b,
          chequers_serial_rivers_micro_d, chequers_serial_rivers_micro_e,
          chequers_serial_rivers_small_b, kennysheep_jessica_study, uniq_jessica
D:3:      layout_loops_ring, mainiacjoe_overflow_catwalk, st_stairs_11,
          kennysheep_donut, uniq_ijyb
D:4:      layout_loops_ring, nicolae_ru_sacrificial_ziggurat,
          grunt_ministairs_9, chequers_avenue, uniq_eustachio, uniq_edmund,
          uniq_crazy_yiuf_cottage
D:5:      layout_loops_ring, nicolae_uskayaw_dance_hall,
          minmay_misc_feat_plants, nicolae_shop_clearance
D:6:      layout_basic, doesnt_xom_only_xom, marbit_many_paths,
          minmay_temple_entry_overgrown
D:7:      layout_loops_corners, nicolae_tso_besieged_by_evil, enter_bailey_3
D:8:      layout_cave_pools, chequers_ossuary_entry_cave, sigmund_army
D:9:      layout_gridville, grunt_temple_overflow_open,
          pdpol_wu_jian_five_deadly_venoms, mainiacjoe_overflow_chevrons,
          disabler_island, uniq_maggie, uniq_prince_ribbit1, uniq_maurice,
          uniq_psyche
Temple:   zaba_magenta_temple

Skill      XL: |  1  2  3  4  5  6  7  8  9 10 |
---------------+-------------------------------+-----
Axes           | 3 4 5 6 7 8 10 11 12 | 12.1
Fighting       | 3 5 6 |  6.1
Armour         | 2 4 5 |  5.1
Throwing       | 2 3 |  3.0
Dodging        | 3 5 |  5.2
Invocations    | 4 |  4.0
Spellcasting   | |  2.0
Translocations | |  2.4

Action                   |  1- 3 |  4- 6 |  7- 9 | 10-12 || total
-------------------------+-------+-------+-------+-------++-------
Melee: Hand axe          |    55 |    53 |       |       ||   108
       Kick              |    17 |    13 |    84 |    23 ||   137
       Peck              |     6 |    13 |    44 |    11 ||    74
       War axe           |       |    30 |   215 |    68 ||   313
       Punch             |       |       |     5 |     3 ||     8
       Unarmed           |       |       |       |     1 ||     1
Throw: Boomerang         |     7 |    10 |    38 |    12 ||    67
       Javelin           |       |    18 |    34 |     5 ||    57
Invok: Heroism           |       |       |     7 |     6 ||    13
  Use: Scroll            |     5 |     6 |    12 |       ||    23
       Potion            |     2 |     2 |     2 |     3 ||     9
 Stab: Distracted        |       |     1 |       |       ||     1
Armor: Leather armour    |    11 |     9 |       |       ||    20
       Scale mail        |       |    21 |    11 |       ||    32
       Chain mail        |       |       |    48 |    28 ||    76
Dodge: Dodged            |    24 |    45 |    78 |    36 ||   183

Table legend:
 A = Non-vault XP
 B = Vault XP
 C = Vault XP percentage of total XP
 D = Non-vault monster count
 E = Vault monster count
 F = Vault count percentage of total count
                 A         B        C        D         E       F
            +---------+---------+-------+---------+---------+-------
      Total |    3805 |    2885 |  43.1 |     163 |      50 |  23.5
            +---------+---------+-------+---------+---------+-------
        D:1 |      33 |       0 |   0.0 |      18 |       0 |   0.0
        D:2 |      76 |      39 |  33.9 |      16 |       2 |  11.1
        D:3 |     112 |      44 |  28.2 |      24 |       5 |  17.2
        D:4 |     505 |     363 |  41.8 |      31 |       3 |   8.8
        D:5 |     538 |       0 |   0.0 |      11 |       0 |   0.0
        D:6 |     886 |      13 |   1.4 |      14 |       1 |   6.7
        D:7 |     848 |      57 |   6.3 |      21 |      14 |  40.0
        D:8 |     452 |      21 |   4.4 |      15 |       4 |  21.1
        D:9 |     355 |    1492 |  80.8 |      13 |       6 |  31.6
    Ossuary |       0 |     856 | 100.0 |       0 |      15 | 100.0
            +---------+---------+-------+---------+---------+-------
